 Dungeon Crawl Stone Soup version 0.27.0-1-g7a089689b8 (webtiles) character file.

Game seed: 9579930607743342625

7 RepoMan the Sneak (level 1, -1/11 HPs)
             Began as a Spriggan Delver on Aug 9, 2021.
             Slain by a scorpion (9 damage)
             ... on level 6 of the Dungeon.
             The game lasted 00:00:54 (47 turns).

RepoMan the Sneak (Spriggan Delver)                   Turns: 47, Time: 00:00:55

Health: -1/11      AC:  2    Str:  8    XL:     1   Next: 83%
Magic:  2/2        EV: 17    Int: 11    God:
Gold:   26         SH:  0    Dex: 16    Spells: 0/0 levels left

rFire    . . .     SeeInvis +   a - +0 short sword
rCold    . . .     Faith    .   (shield restricted)
rNeg     . . .     Spirit   .   b - +0 robe
rPois    .         Reflect  .   (helmet restricted)
rElec    .         Harm     .   (no cloak)
rCorr    .         Rampage  .   (gloves unavailable)
Will     .....                  (boots unavailable)
Stlth    ++++......             (no amulet)
HPRegen  0.03/turn              (no ring)
MPRegen  0.08/turn              (no ring)

@: very quick
A: very small, no large weapons, unfitting armour, see invisible, speed 3
a: no special abilities


You were on level 6 of the Dungeon.
You visited 1 branch of the dungeon, and saw 2 of its levels.

You collected 26 gold pieces.

Inventory:

Hand Weapons
 a - a +0 short sword (weapon)
Armour
 b - a +0 robe (worn)
Wands
 g - a wand of digging (3)
Scrolls
 c - a scroll of fog
 d - a scroll of magic mapping
 e - a scroll of fear
 h - a scroll of acquirement {unknown}
Potions
 f - a potion of haste


   Skills:
 - Level 2.4 Fighting
 - Level 2.1 Short Blades
 + Level 3.0 Dodging
 * Level 7.6 Stealth


You couldn't memorise any spells.
You didn't know any spells.
Your spell library contained the following spells:

 Spells                   Type           Power      Damage    Failure   Level
 Ignite Poison            Fire/Tmut/Pois 0%         N/A       71%         3
 Mephitic Cloud           Conj/Pois/Air  0%         N/A       71%         3
 Bolt of Magma            Conj/Fire/Erth 0%         4d4       100%        5


Dungeon Overview and Level Annotations

Branches:
Dungeon (6/15)
 Temple: D:4-7

Altars:


Innate Abilities, Weirdness & Mutations

You are very small and have problems with some larger weapons.
You are too small for most types of armour.
You have supernaturally acute eyesight. (SInv)
You cover ground extremely quickly. (Speed+++)


Message History

Welcome, RepoMan the Spriggan Delver.
It is said that the Orb of Zot exists deep within this dungeon.
Press ? for a list of commands and other information.
Found 26 gold pieces, a scroll labelled CALLUCKEDOJ and a spear.
Found a stone staircase leading down.
You now have 12 gold pieces.
There is a stone staircase leading down here.
You now have 26 gold pieces (gained 14).
h - a scroll labelled CALLUCKEDOJ
There is a stone staircase leading down here.
You climb downwards.
Found a Trismegistus Codex.
There is a stone staircase leading up here.
You pick up a Trismegistus Codex and begin reading...
You add the spells Ignite Poison, Mephitic Cloud and Bolt of Magma to your library.
You're too inexperienced to learn that spell!
Found an escape hatch in the ceiling.
A white imp comes into view.
A scorpion comes into view.
The helpless white imp fails to defend itself.
You impale the white imp!!
You kill the white imp!
Your Dodging skill increases to level 3!
A bullfrog zombie comes into view.
The scorpion stings you.
The helpless bullfrog zombie fails to defend itself.
You impale the bullfrog zombie!!
The bullfrog zombie is severely damaged.
The bullfrog zombie hits you. The scorpion stings you!
Ouch! That really hurt!
You die...

#### ... #..# #..#
#####..####.###.
........@Z......
####..s###.##.# #...###.#
#.......## # #...###....
##.#.#####..........
..............##.######..
######.###..<##.<....^..
#.# #.#.##..#####.#


You could see a scorpion and a bullfrog zombie.

Vanquished Creatures
  A white imp (D:6)
1 creature vanquished.

Notes
Turn   | Place    | Note
-------+----------+-------------------------------------------
     0 | D:5      | RepoMan the Spriggan Delver began the quest for the Orb.
     0 | D:5      | Reached XP level 1. HP: 11/11 MP: 2/2
    40 | D:6      | Noticed a scorpion
    47 | D:6      | Slain by a scorpion

Illustrated notes

Levels and vault maps discovered:
D:5:      layout_loops_ring, chequers_temple_overflow_statue_of_worship
D:6:      layout_basic, nicolae_yredelemnul_ghost_church,
          minmay_temple_entry_fiery

Skill      XL: |  1 |
---------------+----+-----
Dodging        | 3 |  3.0
Fighting       | |  2.4
Short Blades   | |  2.1
Stealth        | |  7.6

Action                   || total
-------------------------++-------
Melee: Short sword       ||     2
 Stab: Sleeping          ||     2
